 Dungeon Crawl Stone Soup version 0.20.1-1-g8b1a95d (webtiles) character file.

2243 Kingsmith the Thaumaturge (level 9, -1/45 HPs)
             Began as a Deep Elf Conjurer on Dec 7, 2017.
             Was a Priest of Sif Muna.
             Slain by an orc warrior
             ... wielding a +0 glaive
              (14 damage)
             ... in a bailey.
             The game lasted 00:29:21 (7872 turns).

Kingsmith the Thaumaturge (Deep Elf Conjurer)       Turns: 7872, Time: 00:29:21

Health: -1/45      AC:  9    Str:  9    XL:     9   Next: 14%
Magic:  27/36      EV: 11    Int: 30    God:    Sif Muna [***...]
Gold:   453        SH:  0    Dex: 17    Spells: 18/32 levels left

rFire    + . .     SeeInvis +   z - +7 arbalest of Onif {freeze, MR+ MP+9 Int+6}
rCold    . . .     Gourm    .   (shield currently unavailable)
rNeg     . . .     Faith    .   D - +3 ring mail of the Tuna {Regen+ Str+4 SInv}
rPois    .         Spirit   .   (no helmet)
rElec    .         Reflect  .   (no cloak)
rCorr    .         Harm     .   w - +0 pair of gloves
MR       +....                  (no boots)
Stlth    ++........             v - amulet of magic regeneration
Regen    0.6/turn               k - ring of flight
MPRegen  0.4/turn               (no ring)

@: no status effects
A: thin skeletal structure 1, fire resistance 1, MP-powered wands
a: Divine Energy, Channel Magic, Renounce Religion, Evoke Flight


You were in a bailey.
You worshipped Sif Muna.
Sif Muna was most pleased with you.
You were not hungry.

You visited 1 branch of the dungeon, and saw 7 of its levels.
You also visited: Bailey.

You collected 453 gold pieces.

Inventory:

Hand Weapons
 i - a +0 whip of slashing
 n - a +1 short sword of venom
 z - the +7 arbalest of Onif (weapon) {freeze, MR+ MP+9 Int+6}
   (You found it on level 5 of the Dungeon)

   It causes projectiles fired from it to freeze those they strike, causing
   extra injury to most foes and up to half again as much damage against
   particularly susceptible opponents.
   They can also slow down cold-blooded creatures.
   It affects your intelligence (+6).
   It affects your resistance to hostile enchantments.
   It affects your magic capacity (+9).
Armour
 a - a +0 robe
 j - a +0 buckler
 w - a +0 pair of gloves (worn)
 D - the +3 ring mail of the Tuna (worn) {Regen+ Str+4 SInv}
   (You found it on level 5 of the Dungeon)

   It affects your strength (+4).
   It lets you see invisible.
   It increases your rate of regeneration.
Jewellery
 e - an uncursed ring of fire
 k - a ring of flight (left hand)
 v - an amulet of magic regeneration (around neck)
 F - a +2 amulet of reflection {unknown}
Wands
 q - a wand of flame (41/48)
 G - a wand of disintegration (12/24)
Scrolls
 d - a scroll of immolation
 g - 3 scrolls of amnesia
 p - a scroll of recharging
 s - 6 scrolls of identify
 x - a scroll of teleportation
 y - 3 scrolls of remove curse
 E - a scroll of fog
Potions
 h - 3 potions of heal wounds
 o - 3 potions of curing
 r - a potion of haste {unknown}
 t - a potion of might
 u - a potion of lignification
Books
 b - a book of Conjurations

   Spells                             Type                      Level
   a - Magic Dart                     Conjuration                  1
   b - Searing Ray                    Conjuration                  2
   c - Dazzling Spray                 Conjuration/Hexes            3
   d - Fulminant Prism                Conjuration/Hexes            4
   e - Force Lance                    Conjuration/Translocation    4
   f - Iskenderun's Mystic Blast      Conjuration                  4
Comestibles
 c - 6 bread rations
 f - a meat ration
 l - 3 royal jellies
 m - 16 fruits
 A - 7 chunks of flesh


   Skills:
 - Level 2.4 Dodging
 - Level 2.6 Stealth
 - Level 12.0 Spellcasting
 + Level 6.2 Conjurations
 - Level 5.9 Hexes
 - Level 5.1 Translocations


You had 18 spell levels left.
You knew the following spells:

 Your Spells              Type           Power        Failure   Level  Hunger
a - Magic Dart            Conj           ####         1%          1    None
b - Searing Ray           Conj           ######       1%          2    None
c - Dazzling Spray        Conj/Hex       ######       1%          3    None
d - Force Lance           Conj/Tloc      ######..     8%          4    None
e - Iskenderun's Mystic   Conj           ######..     6%          4    None


Dungeon Overview and Level Annotations

Branches:
Dungeon (7/15)             Temple (0/1) D:6

Altars:
Cheibriados
Kikubaaqudgha
Ru
Sif Muna
Uskayaw
Xom

Annotations:
D:3 plantmann's ghost, amateur HOGl


Innate Abilities, Weirdness & Mutations

You have a somewhat thin skeletal structure. (Dex +2, Stealth)
Your flesh is heat resistant. (rF+)
You expend magic power (3 MP) to strengthen your wands.


Message History

The centaur throws a javelin of returning.
The javelin of returning hits you!
* * * LOW HITPOINT WARNING * * *
The weapon returns to the centaur!
The centaur throws a javelin of returning.
The javelin of returning hits you.
* * * LOW HITPOINT WARNING * * *
There is an open gate here.
You close the gate.
You start resting.
An orc warrior opens the gate.
It is wielding a glaive.
Casting: Magic Dart
Confirm with . or Enter, or press ? or * to list all spells.
Aiming: Force Lance
Press: ? - help, Shift-Dir - straight line, f - orc warrior
Aim: an orc warrior, wielding a glaive and wearing a chain mail You miscast Force Lance.
Sif Muna protects you from the effects of your miscast!
The orc warrior hits you from afar with a glaive!
You die...

....≈≈≈.≈≈≈≈#...##..).≈≈≈≈≈≈≈≈
......≈.≈≈≈≈#.).#.⌠.≈≈≈.......
....⌠.≈≈.≈≈≈#...#..≈≈..≈≈≈≈≈≈≈
.......≈.≈≈≈#.)⌠#.≈≈.≈≈≈.))..≈
≈≈≈....≈≈)≈≈#..##.≈.≈≈..≈≈≈≈≈.
≈≈≈≈≈..)#####..#.≈≈.≈.≈≈≈...≈≈
≈≈≈≈≈≈..).).'..#.≈.≈≈.≈..⌠.⌠..
=≈≈≈≈≈...)).'..#.≈....≈..∩∩∩..
≈≈≈≈≈≈.....o'@.#.≈.≈≈.≈..⌠.⌠..
≈≈≈≈≈..(#####..#.≈≈.≈.≈≈≈...≈≈
≈≈≈....≈≈.≈≈#..##.≈.≈≈..≈≈≈≈≈.
.......≈.≈≈≈#.)⌠#.≈≈.≈≈≈.....≈
....⌠.≈≈)≈≈≈#...#))≈≈.)≈≈≈≈≈≈≈
......≈.≈≈≈≈#...#)⌠.≈≈≈....)..
....≈≈≈.≈≈≈≈#...##....≈≈≈≈≈≈≈≈
..≈≈≈.c≈≈≈≈≈#....#####........
≈≈≈..≈≈≈≈≈≈≈#.......⌠#########


You could see an orc warrior.

Vanquished Creatures
  An ice beast (D:6)
  A sky beast (D:5)
  6 orc warriors (Bailey)
  5 ogres
  4 centaurs (Bailey)
  A bullfrog zombie (D:6)
  A crimson imp (D:6)
  2 hounds
  2 centaur skeletons (D:5)
  An orc priest (D:3)
  6 orc wizards
  A bullfrog skeleton (D:7)
  An iguana (D:7)
  3 worker ants
  2 hound skeletons
  7 adders
  A howler monkey skeleton (D:4)
  A shadow imp (D:5)
  2 oozes (D:3)
  An adder zombie (D:6)
  2 worms
  2 dart slugs
  4 leopard geckos
  40 orcs
  A ball python (D:3)
  10 giant cockroaches
  6 goblins
  8 hobgoblins
  10 jackals
  5 kobolds
  3 quokkas
  10 bats
  6 frilled lizards
  13 rats
169 creatures vanquished.

Vanquished Creatures (others)
  An orc priest (D:6)
  An orc (D:6)
  A quokka (D:6)
3 creatures vanquished.

Grand Total: 172 creatures vanquished

Notes
Turn   | Place    | Note
-------+----------+-------------------------------------------
     0 | D:1      | Kingsmith the Deep Elf Conjurer began the quest for the Orb.
     0 | D:1      | Reached XP level 1. HP: 10/10 MP: 6/6
   245 | D:1      | Reached XP level 2. HP: 15/15 MP: 8/8
   272 | D:1      | Learned a level 2 spell: Searing Ray
   548 | D:1      | Reached skill level 4 in Spellcasting
   958 | D:1      | Reached XP level 3. HP: 15/19 MP: 10/10
  1260 | D:2      | Found a hide-covered altar of Uskayaw.
  1293 | D:2      | Reached skill level 5 in Spellcasting
  1621 | D:2      | Reached XP level 4. HP: 24/24 MP: 10/13
  1748 | D:2      | Learned a level 3 spell: Dazzling Spray
  1753 | D:2      | Learned a level 4 spell: Force Lance
  1781 | D:3      | Noticed plantmann's ghost (amateur HOGl)
  2387 | D:3      | Reached skill level 6 in Spellcasting
  2887 | D:3      | Reached XP level 5. HP: 25/28 MP: 10/16
  2893 | D:3      | Reached skill level 7 in Spellcasting
  2912 | D:3      | Found a deep blue altar of Sif Muna.
  2985 | D:3      | Became a worshipper of Sif Muna the Loreminder
  3029 | D:3      | Learned a level 4 spell: Iskenderun's Mystic Blast
  3590 | D:4      | Noticed an ogre
  3602 | D:4      | Killed an ogre
  3602 | D:4      | Reached skill level 8 in Spellcasting
  3602 | D:4      | Reached XP level 6. HP: 22/32 MP: 8/19
  3710 | D:4      | Reached skill level 9 in Spellcasting
  3930 | D:4      | Reached * piety under Sif Muna
  4004 | D:4      | Reached skill level 10 in Spellcasting
  4004 | D:4      | Reached XP level 7. HP: 36/36 MP: 14/22
  4105 | D:4      | Found a snail-covered altar of Cheibriados.
  4236 | D:5      | Entered Level 5 of the Dungeon
  4430 | D:5      | Got a shimmering arbalest
  4462 | D:5      | Found an ancient bone altar of Kikubaaqudgha.
  4552 | D:5      | Reached skill level 11 in Spellcasting
  4956 | D:5      | Reached ** piety under Sif Muna
  5057 | D:5      | Found a sacrificial altar of Ru.
  5343 | D:6      | Found a staircase to the Ecumenical Temple.
  5356 | D:6      | Reached XP level 8. HP: 41/41 MP: 20/25
  5424 | D:6      | Found a shimmering altar of Xom.
  5502 | D:6      | Reached skill level 12 in Spellcasting
  5741 | D:5      | Got an ichor-stained ring mail
  5965 | D:6      | Reached skill level 1 in Hexes
  5965 | D:6      | Reached skill level 1 in Translocations
  6164 | D:6      | Identified the +7 arbalest of Onif {freeze, MR+ MP+9 Int+6} (You found it on level 5 of the Dungeon)
  6170 | D:6      | Identified the +3 ring mail of the Tuna {Regen+ Str+4 SInv} (You found it on level 5 of the Dungeon)
  6794 | D:7      | Gained mutation: You are clumsy. (Dex -2) [potion of mutation]
  6794 | D:7      | Gained mutation: Your spells are a little harder to cast, but a little more powerful. [potion of mutation]
  6794 | D:7      | Gained mutation: Your flesh is heat resistant. (rF+) [potion of mutation]
  6795 | D:7      | Lost mutation: You are clumsy. (Dex -2) [potion of mutation]
  6795 | D:7      | Lost mutation: Your spells are a little harder to cast, but a little more powerful. [potion of mutation]
  6795 | D:7      | Gained mutation: You expend magic power (3 MP) to strengthen your wands. [potion of mutation]
  6795 | D:7      | Gained mutation: You have a somewhat thin skeletal structure. (Dex +2, Stealth) [potion of mutation]
  7034 | D:7      | Found a flagged portal.
  7044 | Bailey   | Entered a bailey
  7068 | Bailey   | Reached *** piety under Sif Muna
  7329 | Bailey   | Reached skill level 5 in Hexes
  7440 | Bailey   | Reached skill level 5 in Translocations
  7714 | Bailey   | Reached skill level 5 in Conjurations
  7714 | Bailey   | Reached XP level 9. HP: 28/45 MP: 22/27
  7872 | Bailey   | Slain by an orc warrior

Skill      XL: |  1  2  3  4  5  6  7  8  9 |
---------------+----------------------------+-----
Spellcasting   | 4 5 6 8 10 11 12 | 12.0
Hexes          | 5 |  5.9
Translocations | 5 |  5.1
Conjurations   | 5 6 |  6.2
Dodging        | |  2.4
Stealth        | |  2.6

Action                   |  1- 3 |  4- 6 |  7- 9 || total
-------------------------+-------+-------+-------++-------
Melee: Spear             |    99 |    26 |       ||   125
       Short sword       |       |     5 |     3 ||     8
       Arbalest          |       |       |     1 ||     1
 Cast: Magic Dart        |    41 |    77 |   159 ||   277
       Searing Ray       |     4 |    16 |    32 ||    52
       Dazzling Spray    |       |     4 |     7 ||    11
       Iskenderun's Myst |       |       |    16 ||    16
       Force Lance       |       |       |     2 ||     2
  Use: Scroll            |       |     6 |     6 ||    12
       Potion            |       |       |     7 ||     7
 Stab: Sleeping          |     2 |     1 |     1 ||     4
  Eat: Chunk             |     2 |     8 |    11 ||    21
Armor: Robe              |    27 |    10 |     6 ||    43
       Ring mail         |       |       |    15 ||    15
Dodge: Dodged            |    84 |    39 |    43 ||   166
Block: Buckler           |     7 |     9 |     5 ||    21
